 Dungeon Crawl Stone Soup version 0.29.1-4-g47bece8355 (webtiles) character file.

Game seed: 17946536159616720270

38560 warriortoast the Marksspriggan (level 13, -6/70 HPs)
             Began as a Spriggan Hunter on Dec 5, 2022.
             Was the Champion of Fedhas.
             Mangled by a catoblepas (13 damage)
             ... while petrified by a catoblepas
             ... on level 3 of the Lair of Beasts on Dec 6, 2022.
             The game lasted 00:36:41 (17882 turns).

warriortoast the Marksspriggan (Spriggan Hunter)   Turns: 17882, Time: 00:36:42

Health: -6/70      AC:  5    Str:  7    XL:     13   Next: 64%
Magic:  17/17      EV:  4    Int: 12    God:    Fedhas [******]
Gold:   1570       SH:  0    Dex: 25    Spells: 12/12 levels left

rFire   + . .      SeeInvis +   Q - +3 arbalest (flame)
rCold   . . .      Faith    .   (shield currently unavailable)
rNeg    + + +      Spirit   .   x - +0 troll leather armour
rPois   ∞          Reflect  .   (helmet restricted)
rElec   .          Harm     .   v - +0 cloak
rCorr   .          Rampage  .   (gloves unavailable)
Will    ++...                   (boots unavailable)
Stlth   +++++.....              y - amulet of the acrobat
HPRegen 1.01/turn               L - ring of Adopuj {rF+ Dex+3}
MPRegen 0.15/turn               G - ring of poison resistance

@: petrified, very quick
A: very small, no large weapons, unfitting armour, see invisible, speed 3
a: Renounce Religion, Wall of Briars, Grow Ballistomycete, Overgrow, Grow Oklob


You were on level 3 of the Lair of Beasts.
You worshipped Fedhas.
Fedhas was exalted by your worship.
You visited 3 branches of the dungeon, and saw 16 of its levels.
You also visited: Volcano.

You collected 1603 gold pieces.
You spent 33 gold pieces at shops.

Inventory:

Hand Weapons
 O - the +8 sling "Useamigg" {flame, rN+ Str-2 Dex+4}
   (You found it on level 2 of the Lair of Beasts)

   Any ammunition fired from it burns those it strikes, dealing additional fire
   damage.
   Str:       It affects your strength (-2).
   Dex:       It affects your dexterity (+4).
   rN:        It protects you from negative energy.
 Q - a +3 arbalest of flaming (weapon)
Armour
 v - a +0 cloak (worn)
 x - a +0 troll leather armour (worn)
Jewellery
 a - a ring of protection from cold
 n - a ring of magical power
 p - the ring of the Jester {Fire rN+ rCorr Int+3}
   (You found it on level 6 of the Dungeon)

   [ring of fire]

   It enhances your fire magic.
   Int:       It affects your intelligence (+3).
   rF:        It protects you from fire.
   rC:        It makes you vulnerable to cold.
   rN:        It protects you from negative energy.
   rCorr:     It protects you from acid and corrosion.
 y - an amulet of the acrobat (around neck)
 z - a ring of ice
 A - a ring of resist corrosion
 B - a +6 ring of dexterity
 D - a ring of protection from cold
 G - a ring of poison resistance (right hand)
 K - a +4 ring of evasion
 L - the ring of Adopuj (left hand) {rF+ Dex+3}
   (You found it on level 1 of the Lair of Beasts)

   [ring of protection from fire]

   Dex:       It affects your dexterity (+3).
   rF:        It protects you from fire.
 M - a ring of willpower
Wands
 m - a wand of mindburst (30)
 o - a wand of flame (48)
 s - a wand of roots (14)
Scrolls
 b - 5 scrolls of immolation
 d - 3 scrolls of amnesia
 g - 6 scrolls of teleportation
 i - 9 scrolls of identify
 j - a scroll of blinking
 F - a scroll of fear
 I - 2 scrolls of summoning
 J - 2 scrolls of fog
Potions
 e - 2 potions of flight
 f - 6 potions of mutation
 h - 5 potions of curing
 k - 2 potions of attraction
 l - a potion of ambrosia
 q - a potion of brilliance
 r - 3 potions of cancellation
 t - 2 potions of berserk rage
 u - 2 potions of degeneration
 C - 2 potions of resistance
 E - a potion of lignification
 H - 2 potions of invisibility
 N - a potion of might
 P - a potion of heal wounds


   Skills:
 + Level 9.1 Fighting
 - Level 18.0 Ranged Weapons
 - Level 10.0 Dodging
 - Level 11.0 Stealth
 + Level 4.5 Invocations
 - Level 6.0 Evocations


You had 12 spell levels left.
You didn't know any spells.
Your spell library contained the following spells:

 Spells                   Type           Power      Damage    Failure   Level
 Magic Dart               Conj           0%         1d3       45%         1
 Blink                    Tloc           0%         N/A       58%         2
 Searing Ray              Conj           0%         2d4       58%         2
 Frozen Ramparts          Ice            0%         1d1       83%         3
 Gell's Gravitas          Tloc           0%         N/A       83%         3
 Inner Flame              Hex/Fire       0%         N/A       83%         3
 Lesser Beckoning         Tloc           0%         N/A       83%         3
 Teleport Other           Tloc           0%         N/A       83%         3
 Cause Fear               Hex            0%         N/A       99%         4
 Fulminant Prism          Conj/Hex       0%         3d6       99%         4
 Ice Form                 Ice/Tmut       0%         N/A       99%         4
 Leda's Liquefaction      Hex/Erth       0%         N/A       99%         4
 Summon Ice Beast         Ice/Summ       0%         N/A       99%         4
 Lee's Rapid Deconstruct  Erth           0%         3d5*      100%        5
 Manifold Assault         Tloc           0%         N/A       100%        5
 Summon Mana Viper        Hex/Summ       0%         N/A       100%        5
 Dispersal                Tloc           0%         N/A       100%        6
 Statue Form              Tmut/Erth      0%         N/A       100%        6
 Monstrous Menagerie      Summ           0%         N/A       100%        7
 Discord                  Hex            0%         N/A       100%        8


Dungeon Overview and Level Annotations

Branches:
Dungeon (12/15)            Temple (1/1) D:6            Lair (3/5) D:11
  Swamp (0/4) Lair:3        Snake (0/4) Lair:3      Volcano (visited)
    Orc: D:9-12

Altars:
Dithmenos
Fedhas
Hepliaklqana
Kikubaaqudgha
Nemelex Xobeh
Okawaru
Trog
Wu Jian
Xom
Yredelemnul

Shops:
D:8 *

Annotations:
D:12 Azrael
Lair:1 2 transporters, elongatedgoose's ghost, journeyman HOFi


Innate Abilities, Weirdness & Mutations

You are very small and have problems with some larger weapons.
You are too small for most types of armour.
You have supernaturally acute eyesight. (SInv)
You cover ground extremely quickly. (Speed+++)


Message History

You shoot a bolt. The bolt hits the catoblepas!
The bolt burns the catoblepas.
The catoblepas is moderately wounded.
You shoot a bolt. The bolt barely misses the catoblepas.
The catoblepas breathes a plume of calcifying dust at you.
The blast of calcifying dust hits you.
You shoot a bolt. The bolt hits the catoblepas!
The bolt burns the catoblepas.
The catoblepas is heavily wounded.
You shoot a bolt. The bolt hits the catoblepas!!
The bolt burns the catoblepas.
The catoblepas is severely wounded.
You shoot a bolt. The bolt hits the catoblepas.
The bolt burns the catoblepas.
The catoblepas is almost dead.
The catoblepas breathes a plume of calcifying dust at you.
The blast of calcifying dust hits you.
You shoot a bolt.
The bolt hits the catoblepas but does no damage.
The catoblepas is almost dead.
You are engulfed in calcifying dust.
You are slowing down.
The catoblepas gores you!! The catoblepas gores you!!
Your limbs are stiffening.
You shoot a bolt. The death yak bellows!
The bolt hits the catoblepas!
The bolt burns the catoblepas.
The catoblepas is almost dead.
You hear a bellow!
The catoblepas closely misses you.
The catoblepas breathes in.
The catoblepas gores you!!
You have turned to stone.
The catoblepas breathes a plume of calcifying dust at you.
The blast of calcifying dust hits you.
You are engulfed in calcifying dust.
The catoblepas gores you but does no damage.
You are engulfed in calcifying dust.
The catoblepas gores you.
You are engulfed in calcifying dust.
The catoblepas gores you!!
* * * LOW HITPOINT WARNING * * *
You are engulfed in calcifying dust.
The death yak gores you!
* * * LOW HITPOINT WARNING * * *
The catoblepas gores you!!
You die...
Fedhas appreciates your contribution to the ecosystem.

......#
***,............##
.Y#.### **.####.#'.#.##
.#Y## *** ##...####
..#.### #..### .>YY§.#
##..# .....§## ### #.†##
..>...§## #.###.#.#####
......+.###....Y..†...##
......#.§##....Y@......#
......÷...#....†.§.....#
......#.#....Y....§...P#
..<÷..#####...........##
......# #....#.#[#####
###.### ######.### * ###
###


You could see 2 death yaks and a catoblepas.

Vanquished Creatures
  2 hydras
  A centaur warrior (D:10)
  A boulder beetle (D:11)
  11 death yaks
  Lodul (D:10)
  2 skeletal warriors (Volcano)
  The ghost of Xeneth the Basher, a novice MiFi (D:6)
  2 anaconda skeletons (Volcano)
  An orc knight (D:11)
  A cyclops (D:11)
  5 elephants (Lair:1)
  8 cane toads
  8 black mambas
  4 gargoyles (Volcano)
  3 rime drakes
  4 komodo dragons
  An unseen horror (D:11)
  3 trolls
  3 harpy skeletons (Volcano)
  A polar bear (Lair:3)
  4 slime creatures (D:12)
  10 blink frogs (Lair:3)
  3 flying skulls (Volcano)
  6 yaks (Lair:2)
  2 wraiths
  An alligator skeleton (Volcano)
  3 wyverns
  Eustachio (D:5)
  4 fire elementals
  3 basilisks
  Edmund (D:5)
  17 water moccasins
  An acid dragon (D:11)
  2 hell hounds
  4 ice beasts (D:6)
  A sky beast (D:4)
  2 black bears
  12 ogres
  9 orc warriors
  8 wolves
  5 centaurs (D:11)
  4 phantoms
  4 kobold brigands
  A gnoll sergeant (D:8)
  6 bullfrogs
  3 necrophages
  3 scorpions
  5 wights (D:7)
  A killer bee (D:9)
  4 troll skeletons (Volcano)
  A spriggan skeleton (Volcano)
  2 howler monkeys
  A jelly (D:5)
  12 orc priests
  6 hounds
  2 gnoll boudas
  Ijyb (D:5)
  7 orc wizards
  2 hell rats (Lair:3)
  2 centaur simulacra (D:6)
  A killer bee simulacrum (D:6)
  7 adders
  24 gnolls
  2 white imps (D:6)
  4 ufetubi
  A worm (D:5)
  3 dart slugs
  61 orcs
  13 ball pythons
  5 endoplasms
  5 giant cockroaches
  6 goblins
  6 hobgoblins
  2 jackals (D:3)
  19 kobolds
  4 quokkas
  2 bats
  2 frilled lizards
  3 rats
  A spectral hobgoblin (D:10)
400 creatures vanquished.

Vanquished Creatures (others)
  18 fungi
  26 plants
44 creatures vanquished.

Grand Total: 444 creatures vanquished

Notes
Turn   | Place    | Note
-------+----------+-------------------------------------------
     0 | D:1      | warriortoast the Spriggan Hunter began the quest for the
                  | Orb.
     0 | D:1      | Reached XP level 1. HP: 10/10 MP: 2/2
   180 | D:1      | Reached XP level 2. HP: 15/15 MP: 3/3
   648 | D:2      | Found a bloodstained altar of Trog.
   726 | D:2      | Reached XP level 3. HP: 18/18 MP: 4/4
   794 | D:2      | Found a faded altar of an unknown god.
  1263 | D:3      | Reached XP level 4. HP: 19/23 MP: 5/5
  1715 | D:3      | Reached XP level 5. HP: 27/27 MP: 6/6
  2643 | D:4      | Noticed an ogre
  2664 | D:4      | Killed an ogre
  2665 | D:4      | Reached skill level 5 in Ranged Weapons
  2665 | D:4      | Reached skill level 5 in Stealth
  2665 | D:4      | Reached XP level 6. HP: 32/32 MP: 7/7
  2707 | D:4      | Noticed a sky beast
  2725 | D:4      | Killed a sky beast
  2726 | D:4      | Reached skill level 5 in Dodging
  2998 | D:4      | Reached XP level 7. HP: 36/36 MP: 8/8
  3439 | D:5      | Entered Level 5 of the Dungeon
  3898 | D:5      | Noticed Ijyb
  4368 | D:4      | Reached skill level 6 in Ranged Weapons
  4432 | D:5      | Reached XP level 8. HP: 20/42 MP: 9/9
  4626 | D:5      | Killed Ijyb
  5525 | D:5      | Noticed Edmund
  5647 | D:5      | Killed Edmund
  5679 | D:5      | Noticed Eustachio
  5797 | D:5      | Found a shimmering altar of Xom.
  5797 | D:5      | Found an ancient bone altar of Kikubaaqudgha.
  6575 | D:5      | Killed Eustachio
  6756 | D:6      | Found a staircase to the Ecumenical Temple.
  6803 | Temple   | Entered the Ecumenical Temple
  6836 | Temple   | Became a worshipper of Fedhas Madash
  6892 | D:6      | Reached skill level 5 in Fighting
  6892 | D:6      | Reached skill level 7 in Ranged Weapons
  7069 | D:6      | Reached XP level 9. HP: 29/47 MP: 10/10
  7535 | D:6      | Found an iron altar of Okawaru.
  7535 | D:6      | Found a bloodstained altar of Trog.
  7536 | D:6      | Found a basalt altar of Yredelemnul.
  7836 | D:6      | Found a runed translucent gate.
  7839 | D:6      | Found a runed translucent gate.
  7839 | D:6      | Found a runed translucent gate.
  7864 | D:6      | Noticed Xeneth's ghost (novice MiFi)
  8683 | D:6      | Reached skill level 10 in Stealth
  8846 | D:6      | Reached * piety under Fedhas
  9221 | D:6      | Killed Xeneth's ghost
  9222 | D:6      | Reached skill level 8 in Ranged Weapons
  9399 | D:6      | Identified the ring of the Jester {Fire rN+ rCorr Int+3}
  9453 | D:7      | Noticed a troll
  9491 | D:6      | Killed a troll
  9492 | D:6      | Reached skill level 10 in Dodging
  9797 | D:7      | Reached skill level 9 in Ranged Weapons
 10116 | D:7      | Reached XP level 10. HP: 35/51 MP: 11/11
 10543 | D:8      | Reached ** piety under Fedhas
 10545 | D:8      | Reached skill level 10 in Ranged Weapons
 10959 | D:8      | Found Aczoguirph's Changing Room.
 10975 | D:8      | Bought a potion of lignification for 33 gold pieces
 11428 | D:9      | Reached *** piety under Fedhas
 11512 | D:9      | Reached skill level 11 in Ranged Weapons
 12013 | D:10     | Entered Level 10 of the Dungeon
 12104 | D:10     | Noticed Lodul
 12131 | D:10     | Killed Lodul
 12132 | D:10     | Reached skill level 12 in Ranged Weapons
 12235 | D:10     | Noticed a centaur warrior
 12238 | D:10     | Killed a centaur warrior
 12309 | D:10     | Reached **** piety under Fedhas
 12416 | D:10     | Reached skill level 13 in Ranged Weapons
 12416 | D:10     | Reached XP level 11. HP: 55/55 MP: 12/12
 12552 | D:10     | Found a hazy altar of Hepliaklqana.
 12855 | D:11     | Noticed an orc knight
 13063 | D:11     | Killed an orc knight
 13086 | D:11     | Noticed a death yak
 13091 | D:11     | Found a staircase to the Lair.
 13093 | D:11     | Noticed a death yak
 13094 | D:11     | Noticed a death yak
 13095 | D:11     | Noticed a death yak
 13096 | D:11     | Killed a death yak
 13096 | D:11     | Noticed a death yak
 13122 | D:11     | Killed a death yak
 13123 | D:11     | Reached skill level 14 in Ranged Weapons
 13153 | D:11     | Noticed a death yak
 13153 | D:11     | Noticed a death yak
 13173 | D:11     | Killed a death yak
 13189 | D:11     | Killed a death yak
 13208 | D:11     | Killed a death yak
 13238 | D:11     | Killed a death yak
 13238 | D:11     | Reached ***** piety under Fedhas
 13239 | D:11     | Reached skill level 15 in Ranged Weapons
 13264 | D:11     | Killed a death yak
 13695 | D:11     | Noticed a boulder beetle
 13856 | D:11     | Killed a boulder beetle
 14355 | D:11     | Reached skill level 16 in Ranged Weapons
 14506 | D:12     | Noticed Azrael
 14758 | D:12     | Found a sparkling altar of Nemelex Xobeh.
 14768 | D:12     | Reached XP level 12. HP: 60/60 MP: 13/13
 14781 | D:12     | Noticed a six-headed hydra
 14804 | D:12     | Killed a six-headed hydra
 15062 | Lair:1   | Entered Level 1 of the Lair of Beasts
 15077 | Lair:1   | Found a transporter.
 15079 | Lair:1   | Found a transporter.
 15089 | Lair:1   | Found a bloodstained altar of Trog.
 15089 | Lair:1   | Noticed elongatedgoose's ghost (journeyman HOFi)
 15296 | Lair:1   | Reached skill level 17 in Ranged Weapons
 15633 | Lair:1   | Identified the ring of Adopuj {rF+ Dex+3}
 16080 | Lair:2   | Noticed an eight-headed hydra
 16107 | Lair:2   | Killed an eight-headed hydra
 16202 | Lair:2   | Identified the +8 sling "Useamigg" {flame, rN+ Str-2 Dex+4}
 16835 | Lair:3   | Reached XP level 13. HP: 66/67 MP: 14/14
 16872 | Lair:3   | Reached ****** piety under Fedhas
 16873 | Lair:3   | Reached skill level 18 in Ranged Weapons
 16876 | Lair:3   | Found a staircase to the Snake Pit.
 16918 | Lair:3   | Reached skill level 1 in Evocations
 16944 | Lair:3   | Reached skill level 1 in Invocations
 16976 | Lair:3   | Found a dark tunnel.
 16994 | Volcano  | Entered a volcano
 17417 | Volcano  | Reached skill level 5 in Evocations
 17882 | Lair:3   | Mangled by a catoblepas

Illustrated notes

Levels and vault maps discovered:
D:1:      wander_arrival_fairy_ring, layout_loops_ring
D:2:      layout_basic, basic_altar, basic_ecumenical_altar
D:3:      layout_loops_ring, ebering_dispersal_statue_hall
D:4:      layout_rooms, kennysheep_another_room, minmay_misc_feat_four_crosses
D:5:      layout_basic, gammafunk_temple_overflow_wave, uniq_edmund,
          uniq_eustachio, uniq_ijyb
D:6:      layout_loops_corners, gammafunk_temple_overflow_claw,
          minmay_temple_entry_statues_pillars, gammafunk_ghost_icy
D:7:      layout_basic
D:8:      layout_rooms, chequers_serial_rivers_micro_b, moated_statue,
          nicolae_transmutations_shop, minmay_statues_item
D:9:      layout_roguey [special_room_orc], kennysheep_generic_room_9
D:10:     layout_long_grid, nicolae_hepliaklqana_monster_ancestors, uniq_lodul
D:11:     layout_layer_cave, dpeg_lair_monsters, special_room
          [special_room_orc], st_stairs_13
D:12:     layout_irregular_city, hiddenorc1_lemuel,
          nicolae_trove_entry_free_sample, hangedman_feature_mirror,
          st_stairs_5, grunt_decor_arrowhead, nemelex_diamond_rough_becter,
          uniq_rupert, uniq_azrael
Temple:   nicolae_temple_slightly_damp_pantheon
Lair:1:   layout_roguey, gammafunk_ghost_wrathful_warriors
Lair:2:   layout_small_grid
Lair:3:   layout_roguey, nicolae_swamp_entry_splash_gauntlet,
          minmay_snake_entry_six_corridors, nicolae_volcano_entry_lava_flow

Skill      XL: |  1  2  3  4  5  6  7  8  9 10 11 12 13 |
---------------+----------------------------------------+-----
Stealth        | 2 3 5 7 9 11 | 11.0
Dodging        | 3 4 5 6 8 10 | 10.0
Fighting       | 2 3 4 5 7 9 |  9.1
Ranged Weapons | 5 6 7 9 13 16 17 18 | 18.0
Evocations     | 6 |  6.0
Invocations    | 4 |  4.5

Action                   |  1- 3 |  4- 6 |  7- 9 | 10-12 | 13-15 || total
-------------------------+-------+-------+-------+-------+-------++-------
 Fire: Shortbow          |    75 |   132 |   319 |       |       ||   526
       Arbalest          |       |       |   122 |   586 |   183 ||   891
       Sling             |       |       |       |    54 |       ||    54
  Use: Scroll            |       |     1 |    12 |    11 |     4 ||    28
       Potion            |       |       |       |     1 |       ||     1
Armor: Robe              |     1 |     1 |    11 |       |       ||    13
       Troll leather arm |       |       |       |    13 |     7 ||    20
       Skin              |       |       |       |     2 |       ||     2
Dodge: Dodged            |    17 |    59 |   190 |   255 |   109 ||   630
